 Dungeon Crawl Stone Soup version 0.28-a0-1524-ge72afd5fc6 (webtiles) character file.

Game seed: 1630555985507517492

46 knot the Chopper (level 3, 43/43 HPs)
             Began as a Demonspawn Berserker on Jan 18, 2022.
             Was a Follower of Trog.
             Quit the game on level 2 of the Dungeon.
             The game lasted 00:01:25 (1431 turns).

knot the Chopper (Demonspawn Berserker)             Turns: 1431, Time: 00:01:26

Health: 43/43      AC:  5    Str: 17    XL:     3   Next: 46%
Magic:  3/3        EV: 11    Int: 10    God:    Trog [*.....]
Gold:   0          SH:  0    Dex: 12    Spells: 2/2 levels left

rFire   . . .      SeeInvis .   d - +1 hand axe (venom)
rCold   . . .      Faith    .   (no shield)
rNeg    . . .      Spirit   .   e - +0 ring mail
rPois   .          Reflect  .   (no helmet)
rElec   .          Harm     .   (no cloak)
rCorr   .          Rampage  .   (no gloves)
Will    .....                   (no boots)
Stlth   ..........              (no amulet)
HPRegen 0.14/turn               (no ring)
MPRegen 0.16/turn               (no ring)

@: berserking, very quick
A: powered by pain 1, magic regeneration
a: Renounce Religion, Berserk


You were on level 2 of the Dungeon.
You worshipped Trog.
Trog was aware of your devotion.
You visited 1 branch of the dungeon, and saw 2 of its levels.

Inventory:

Hand Weapons
 a - a +0 hand axe
 d - a +1 hand axe of venom (weapon)
Missiles
 c - 29 stones (quivered)
Armour
 e - a +0 ring mail (worn)
Scrolls
 b - a scroll of amnesia {unknown}
 f - a scroll of teleportation {unknown}
 g - a scroll of enchant armour {unknown}
Potions
 h - a potion of mutation {unknown}


   Skills:
 - Level 3.0 Fighting
 * Level 3.9 Axes
 * Level 1.0 Throwing
 - Level 1.7 Armour
 - Level 1.7 Dodging


You had 2 spell levels left.
You didn't know any spells.
Your spell library was empty.

Dungeon Overview and Level Annotations

Branches:
Dungeon (2/15)

Altars:


Innate Abilities, Weirdness & Mutations

You sometimes gain a little power by taking damage.
You regenerate magic rapidly.


Message History

There are monsters nearby!
Press: ? - help, v - describe, . - travel
Here: a kobold, wielding a +1 whip of freezing and quivering stones The floor.
Throw: 31 stones
Press: ? - help, Q - select action Shift-Dir - straight line, f - Terence
Aim: Terence, wielding a +0 mace, wearing a +0 scale mail and carrying a wand of flame (20) (61% to hit)
You throw a stone.
The stone hits Terence but does no damage.
Throw: 30 stones
Press: ? - help, Q - select action Shift-Dir - straight line, f/p - Terence
Aim: Terence, wielding a +0 mace, wearing a +0 scale mail and carrying a wand of flame (20) (61% to hit)
You throw a stone. The stone hits Terence.
Terence is lightly wounded.
A dart slug comes into view.
The kobold throws a stone.
The stone hits you but does no damage.
A red film seems to cover your vision as you go berserk!
You feel yourself moving faster!
You feel mighty!
You hit Terence.
Terence is poisoned.
Terence is lightly wounded.
You hit Terence.
Terence looks as sick as possible!
Terence is moderately wounded.
You slash the kobold!
You kill the kobold!
Trog accepts your kill. Terence barely misses you.
The dart slug briefly extends its eye-stalks.
You barely miss Terence.
Terence is severely wounded.
Terence barely misses you.
You slash Terence!
You kill Terence!
Trog accepts your kill.
Your Throwing skill increases to level 1!
You have reached level 3!
Your experience leads to an increase in your attributes!
Increase (S)trength, (I)ntelligence, or (D)exterity?
You feel clever. x2; Your demonic ancestry asserts itself...
You feel energised by your suffering.
Are you sure you want to abandon this character and quit the game? (Confirm with "yes".)

############
##.....#.....
##............
#.............
#...(.........
##.............
......)@.......
.......).......
..(w...........
...............
...............
......#........
......#........
##..###........


You could see a dart slug.

Vanquished Creatures
  Terence (D:2)
  4 ball pythons (D:1)
  5 bats (D:1)
  An endoplasm (D:1)
  3 hobgoblins (D:1)
  2 frilled lizards (D:1)
  A goblin (D:1)
  3 kobolds
  3 rats (D:1)
23 creatures vanquished.

Notes
Turn   | Place    | Note
-------+----------+-------------------------------------------
     0 | D:1      | knot the Demonspawn Berserker began the quest for the Orb.
     0 | D:1      | Reached XP level 1. HP: 18/18 MP: 1/1
    11 | D:1      | Found a faded altar of an unknown god.
   722 | D:1      | Gained mutation: You regenerate magic rapidly. [demonic
                  | ancestry]
   722 | D:1      | Reached XP level 2. HP: 20/24 MP: 2/2
  1423 | D:2      | Noticed Terence
  1430 | D:2      | Killed Terence
  1431 | D:2      | Reached skill level 1 in Throwing
  1431 | D:2      | Gained mutation: You sometimes gain a little power by
                  | taking damage. [demonic ancestry]
  1431 | D:2      | Reached XP level 3. HP: 29/29 MP: 3/3
  1431 | D:2      | Quit the game

Illustrated notes

Levels and vault maps discovered:
D:1:      doesnt_arrival_eight_statues, layout_loops_corners,
          hellmonk_ecumenical_altar_arch_garden, chequers_serial_rivers_room_b,
          st_stairs_10, grunt_decor_one_mirror
D:2:      minmay_angry_zag, layout_rooms, minmay_pentomino_z2, uniq_terence

Skill      XL: |  1  2 |
---------------+-------+-----
Axes           | 3 |  3.9
Throwing       | 1 |  1.0
Fighting       | |  3.0
Armour         | |  1.7
Dodging        | |  1.7

Action                   || total
-------------------------++-------
Melee: Hand axe          ||    69
Throw: Stone             ||     2
Invok: Berserk           ||     2
Armor: Animal skin       ||    11
       Ring mail         ||    14
Dodge: Dodged            ||    44

Table legend: (Time is in decaauts)
 A = Elapsed time spent in this place.
 B = Non-inter-level travel time spent in this place.
 C = Inter-level travel time spent in this place.
 D = Time resting spent in this place.
 E = Time spent auto-exploring this place.
 F = Levels seen in this place.
 G = Mean time per level.
                   A        B        C        D        E       F      G
               +--------+--------+--------+--------+--------+-----+--------+
         Total |   1446 |   1376 |     70 |    204 |    989 |   2 |  723.0 |
       Dungeon |   1446 |   1376 |     70 |    204 |    989 |   2 |  723.0 |
               +--------+--------+--------+--------+--------+-----+--------+

Top non-repeatable levels by time:
     D:1: 1439 daAuts
     D:2: 7 daAuts
